cohdb
Replays
Latest Replays
All Replays
Popular Replays
Top Player Replays
Match Explorer
How It Works
Community
CoH3 Stats
Reddit
Sign in to upload your games and track your stats! →
Sign in with Steam
Match 38267831
Unlisted
Match 38267831
Overview
Messages
Build Orders
End
Pioneer Squad
Construct Infanterie Kompanie
Selects Mechanized Battlegroup
Grenadier Squad
MG 42 Machine Gun Team
Grenadier Squad
Construct Luftwaffe Kompanie
221 Scout Car
Selects Raid Package
Jäger Squad
Jäger Squad
Selects 8 Rad Armored Car
8 Rad Armored Car
Jäger Squad
Selects Mobile Repair Stations
Medical Station
Selects Wespe Self-propelled Artillery
Wespe Self-propelled Artillery
8 Rad Armored Car
BIOHAZARD
lumezzz1919
Mordja
Gacyr
0
0
Comments
sign in to comment!
No comments posted yet!